AoeStats
← patrickwork0001

Arena

510103181Analyzed
4v4 RM · 3d ago on Sep 29, 2026· 46m 58s· 8 players
Game mode
Random Map
Map size
Large (8 player)
Population
200
Speed
Normal
Resources
Standard
Victory
Conquest
Starting age
Dark Age
Ending age
Imperial Age
RankedLock teamsTeams togetherTeam positionsShared explorationLock speedFull tech treeHidden civsTurbo modeCheats
Victory
Defeat
🇭🇰 Saxons · Hong Kong SAR China
1144
+13
🇭🇰 Vietnamese · Hong Kong SAR China
1044
+17
🇨🇳 Mongols · China
1033
+19
🇭🇰 Franks · Hong Kong SAR China
1026
+19
🇮🇳 Vikings · India
1074
-17
🇺🇸 Slavs · United States
1074
-17
🇷🇺 Franks · Russia
1073
-17
🇺🇸 Malay · United States
1073
-17
McArrow
11:59 Feudal Age
14:52 Castle Age
13:01 Double-Bit Axe
14:13 Loom
16:09 Fletching
17:24 Horse Collar
20:00 Arson
21:50 Bow Saw
27:34 Imperial Age
25:20 Fletching
26:11 Gold Mining
26:08 Crossbowman
29:19 Bodkin Arrow
32:22 Bracer
33:44 Conscription
34:28 Padded Archer Armor
37:04 Arbalester
38:40 Ballistics
40:25 Chemistry
41:35 Wheelbarrow
maks777sd
11:29 Feudal Age
15:38 Castle Age
14:59 Double-Bit Axe
18:32 Scale Barding Armor
18:48 Bow Saw
19:14 Gold Mining
23:58 Wheelbarrow
24:09 Husbandry
26:02 Hand Cart
28:41 Chain Barding Armor
28:32 Forging
31:14 Imperial Age
30:57 Iron Casting
33:56 Cavalier
36:00 Plate Barding Armor
36:26 Blast Furnace
35:59 Paladin
39:47 Elite Throwing Axeman
43:32 Chemistry
42:43 Fortified Wall
42:30 Murder Holes
42:56 Ballistics
BIG T +963
0:27 Loom
11:26 Feudal Age
16:44 Castle Age
14:52 Double-Bit Axe
15:38 Stone Mining
16:14 Horse Collar
17:57 Bow Saw
18:08 Heavy Plow
24:49 Scale Barding Armor
25:46 Detinets
25:51 Husbandry
26:24 Forging
27:55 Iron Casting
27:41 Chain Barding Armor
27:42 Fletching
28:03 Gold Mining
28:47 Bloodlines
30:04 Gold Shaft Mining
32:57 Imperial Age
31:03 Bodkin Arrow
34:13 Plate Barding Armor
34:39 Blast Furnace
34:02 Elite Boyar
35:05 Conscription
38:35 Druzhina
Gilgamesh43499
10:54 Feudal Age
14:42 Castle Age
12:31 Double-Bit Axe
12:59 Horse Collar
15:44 Bow Saw
15:37 Heavy Plow
22:33 Gold Mining
25:03 Gold Shaft Mining
27:29 Imperial Age
25:04 Loom
26:00 Squires
26:05 Scale Mail Armor
26:16 Forging
27:54 Capped Ram
29:01 Chain Mail Armor
28:14 Elite Varangian Guard
28:49 Siege Ram
32:04 Plate Mail Armor
32:10 Iron Casting
34:46 Fletching
35:13 Masonry
35:24 Ballistics
36:12 Chemistry
37:26 Treadmill Crane
38:17 Architecture
37:36 Crossbowman
38:46 Bodkin Arrow
38:56 Arbalester
39:58 Bracer
40:00 Padded Archer Armor
40:24 Conscription
41:46 Leather Archer Armor
41:43 Bogsveigar
42:42 Hoardings
43:07 Pikeman
44:28 Ring Archer Armor
建興法師
11:00 Feudal Age
15:02 Castle Age
13:30 Horse Collar
14:08 Double-Bit Axe
16:49 Bow Saw
17:05 Loom
21:12 Wheelbarrow
26:03 Hand Cart
29:22 Imperial Age
26:26 Crossbowman
27:12 Thumb Ring
27:26 Heavy Plow
28:00 Gold Mining
28:37 Ballistics
28:17 Fletching
28:48 Padded Archer Armor
29:34 Bodkin Arrow
31:42 Bracer
32:32 Arbalester
34:00 Leather Archer Armor
34:46 Chemistry
36:00 Crop Rotation
37:19 Onager
41:21 Ring Archer Armor
40:36 Elite Skirmisher
42:15 Caravan
patrickwork0001
11:01 Feudal Age
14:50 Castle Age
13:11 Double-Bit Axe
15:54 Bow Saw
17:43 Wheelbarrow
18:47 Stone Mining
20:07 Gold Mining
23:31 Loom
25:00 Gold Shaft Mining
29:24 Imperial Age
28:17 Scale Barding Armor
28:26 Forging
28:31 Husbandry
30:28 Conscription
30:23 Cavalier
32:25 Iron Casting
32:10 Chain Barding Armor
34:18 Blast Furnace
33:34 Paladin
34:42 Chivalry
38:54 Pikeman
39:34 Squires
39:40 Scale Mail Armor
41:07 Halberdier
42:31 Chain Mail Armor
45:27 Plate Barding Armor
45:22 Plate Mail Armor
46:32 Halberdier
伐伐伐伐伐木工
10:46 Feudal Age
11:42 Double-Bit Axe
14:29 Castle Age
12:13 Horse Collar
15:28 Bow Saw
17:08 Wheelbarrow
20:06 Loom
22:03 Gold Mining
23:00 Hand Cart
25:44 Gold Shaft Mining
25:38 Treadmill Crane
29:42 Imperial Age
27:59 Ballistics
27:41 Scale Mail Armor
28:11 Forging
28:41 Chain Mail Armor
28:24 Town Watch
29:02 Masonry
29:18 Squires
29:04 Arson
29:04 Gambesons
29:57 Iron Casting
29:18 Stone Mining
29:41 Fletching
31:08 Plate Mail Armor
30:41 Elite Hearth Troop
32:58 Chemistry
32:33 Coinage
32:52 Conscription
33:32 Bodkin Arrow
34:10 Architecture
34:40 Banking
33:38 Shield Wall
33:48 Shield Wall
34:50 Bracer
36:49 Two-Man Saw
36:00 Pikeman
36:40 Halberdier
38:09 Hoardings
40:24 Town Patrol
42:56 Fortified Wall
42:51 Siege Engineers
42:55 Caravan
2664077206
10:26 Feudal Age
14:29 Castle Age
12:29 Double-Bit Axe
19:11 Loom
31:41 Fletching
32:15 Ballistics
36:06 Imperial Age
34:33 Bodkin Arrow
34:48 Forging
34:44 Scale Barding Armor
35:09 Gold Mining
35:10 Stone Mining
36:22 Husbandry
36:33 Bloodlines
37:24 Wheelbarrow
36:35 Town Watch
37:29 Stone Shaft Mining
37:30 Gold Shaft Mining
37:19 Bracer
37:29 Forging
37:25 Scale Barding Armor
41:35 Chain Barding Armor
41:50 Iron Casting
40:50 Elite Mangudai
41:39 Town Patrol
44:00 Chemistry
43:10 Fortified Wall
45:27 Blast Furnace
44:28 Padded Archer Armor
45:28 Parthian Tactics
45:08 Thumb Ring
Connection lost

Rejoining the realm…

Still unreachable

The connection could not be restored.

Session expired

The server has moved on; the page needs a fresh start.